 Dungeon Crawl Stone Soup version 0.17.0-56-gd8de76c (webtiles) character file.

35 JokEr the Ruffian (level 3, -3/30 (31) HPs)
             Began as a Ghoul Monk on Dec 6, 2015.
             Killed from afar by Sigmund (4 damage)
             ... with a magic dart
             ... on level 2 of the Dungeon.
             The game lasted 00:14:44 (1773 turns).

JokEr the Ruffian (Ghoul Monk)                      Turns: 1773, Time: 00:14:44

HP:   -3/30 (31)    AC:  5    Str: 15    XL:     3   Next: 35%
MP:   2/2           EV: 12    Int:  5    God:
Gold: 87            SH:  0    Dex: 11    Spells: 0 memorised, 2 levels left

rFire  + . .     SeeInvis .       - Unarmed
rCold  + . .     Clarity  .     a - +0 robe
rNeg   + + +     SustAt   .     (no shield)
rPois  ∞         Gourm    .     i - +2 helmet
rElec  .         Spirit   .     (no cloak)
rCorr  .         Warding  .     (no gloves)
rMut   .         Stasis   .     (no boots)
MR     .....                    (no amulet)
Stlth  ++........               f - ring of protection from fire
                                e - ring of poison resistance

@: rotting, not resistant to hostile enchantments, unstealthy
A: rotting body, claws 1, carnivore 3, cold resistance 1, negative energy
resistance 3, slow regeneration 1, torment resistance, unbreathing
a: no special abilities


You were on level 2 of the Dungeon.
You were not hungry.

You visited 1 branch of the dungeon, and saw 2 of its levels.

You collected 87 gold pieces.

Inventory:

Hand Weapons
 c - a +0 club
Armour
 a - a +0 robe (worn)
 i - a +2 helmet (worn)
Jewellery
 e - a ring of poison resistance (left claw)
 f - a ring of protection from fire (right claw)
Potions
 g - a potion of lignification
 h - a potion of poison {unknown}
Comestibles
 b - a meat ration
 d - 5 fruits
 j - a beef jerky
 l - a slice of pizza


   Skills:
 - Level 3.5 Fighting
 - Level 2.8 Dodging
 - Level 2.1 Stealth
 + Level 5.3 Unarmed Combat


You had 2 spell levels left.
You didn't know any spells.

Dungeon Overview and Level Annotations

Branches:
Dungeon (2/15)

Altars:

Annotations:
D:2 Robin, Sigmund


Innate Abilities, Weirdness & Mutations

Your body is rotting away.
You thrive on raw meat.
You are immune to poison.
You have sharp fingernails.
You are carnivorous and can eat meat at any time.
Your flesh is cold resistant.
You are immune to negative energy.
You regenerate slowly when monsters are visible.
You are immune to unholy pain and torment.
You can survive without breathing.


Message History

The goblin shoots a stone.
The stone barely misses you. Sigmund gestures at you while chanting.
The puff of flame hits you! You resist.
As you read the scroll labeled TOARUN FAIHE, it crumbles to dust.
You hear a loud clanging noise!
It was a scroll of noise.
The goblin shoots a stone.
The stone hits you but does no damage.
Sigmund zaps a wand.
The magic dart hits you!
* * * LOW HITPOINT WARNING * * *
Robin throws the goblin at you! The goblin hits you with a club.
* * * LOW HITPOINT WARNING * * *
Sigmund gestures wildly while chanting.
Sigmund flickers and vanishes!
Deactivating autopickup; reactivate with Ctrl-A.
You barely miss the goblin. The goblin hits you but does no damage.
You claw the goblin!
You kill the goblin!
A magic dart appears from out of thin air!
The magic dart hits you!
You die...

[g@gg.).....# .. #.g...#
....##.....# ....g....###
....###..# #######g.######
...#........
#######.#.#####################
.........ggg(...@............>#
........#########....##########
##......# #..........# #...)..#
##########.# #......# #.#
######## #.# #.# #.# #.#


You could see Robin, a hobgoblin (frenzied) and a goblin (frenzied).

Vanquished Creatures
  An ooze (D:1)
  A worm (D:2)
  A bat (D:1)
  A giant cockroach (D:1)
  9 goblins
  5 hobgoblins
  4 kobolds
  A giant newt (D:1)
  A rat (D:1)
24 creatures vanquished.

Notes
Turn   | Place    | Note
--------------------------------------------------------------
     0 | D:1      | JokEr the Ghoul Monk began the quest for the Orb.
     0 | D:1      | Reached XP level 1. HP: 19/19 MP: 0/0
    13 | D:1      | Noticed an electric eel
   302 | D:1      | Reached XP level 2. HP: 12/26 MP: 1/1
  1145 | D:1      | Reached skill level 5 in Unarmed Combat
  1324 | D:2      | Reached XP level 3. HP: 7/27 MP: 2/2
  1740 | D:2      | Noticed Robin
  1740 | D:2      | Noticed Sigmund
  1770 | D:2      | HP: 1/30 [goblin/club[Robin] (4)]
  1773 | D:2      | Killed from afar by Sigmund

Action                   || total
-------------------------++-------
Melee: Unarmed           ||    70
  Use: Scroll            ||     3
  Eat: Chunk             ||     5
       Meat ration       ||     1
